 Dungeon Crawl Stone Soup version 0.19.0-2-gae57169 (webtiles) character file.

1016 Inkary the Chopper (level 8, -2/70 HPs)
             Began as a Minotaur Abyssal Knight on Nov 6, 2016.
             Was a Believer of Lugonu.
             Slain by an orc warrior
             ... wielding a +0 flail
              (21 damage)
             ... on level 6 of the Dungeon.
             The game lasted 00:09:15 (4888 turns).

Inkary the Chopper (Minotaur Abyssal Knight)        Turns: 4888, Time: 00:09:16

Health: -2/70      AC:  7    Str: 15    XL:     8   Next: 1%
Magic:  9/9        EV: 15    Int:  9    God:    Lugonu [**....]
Gold:   129        SH:  3    Dex: 18    Spells: 0 memorised, 7 levels left

rFire  . . .     SeeInvis .     n - +1 hand axe (chop)
rCold  . . .     Gourm    .     e - +0 ring mail
rNeg   . . .     Faith    .     (no shield)
rPois  .         Spirit   .     (helmet restricted)
rElec  +         Reflect  +     i - +0 cloak
rCorr  .         Harm     .     (no gloves)
MR     .....                    (no boots)
Stlth  +.........               f - +3 amulet of reflection
                                (no ring)
                                w - ring of Apsoumau {*Drain rElec EV+3 Str-4 Dex+8}

@: no status effects
A: retaliatory headbutt, horns 2
a: Depart the Abyss, Bend Space, Renounce Religion


You were on level 6 of the Dungeon.
You worshipped Lugonu.
Lugonu was pleased with you.
You were not hungry.

You visited 1 branch of the dungeon, and saw 6 of its levels.
You visited the Abyss 1 time.

You collected 283 gold pieces.
You spent 154 gold pieces at shops.

Inventory:

Hand Weapons
 n - a +1 hand axe of chopping (weapon)
Armour
 e - a +0 ring mail (worn)
 i - a +0 cloak (worn)
 o - a +0 chain mail
Jewellery
 f - a +3 amulet of reflection (around neck)
 m - a +1 ring of slaying {unknown}
 w - the ring of Apsoumau (left hand) {*Drain rElec EV+3 Str-4 Dex+8}
   (You found it on level 5 of the Dungeon)

   [ring of evasion]

   It affects your evasion (+3).
   It affects your strength (-4).
   It affects your dexterity (+8).
   It insulates you from electricity.
   It causes draining when unequipped.
 y - an uncursed ring of protection from cold {unknown}
Scrolls
 a - 7 scrolls of remove curse
 l - 2 scrolls of noise
 p - 4 scrolls of enchant armour
 r - 2 scrolls of fog
 t - a scroll of recharging
 u - a scroll of brand weapon
 v - a scroll of teleportation
Potions
 g - a potion of lignification
 h - a potion of degeneration
 j - 3 potions of curing
 q - a potion of invisibility
 x - a potion of haste
 z - a potion of heal wounds {unknown}
Comestibles
 b - 11 chunks of flesh
 c - 5 bread rations
 d - 12 fruits
 k - a slice of pizza
 s - 2 meat rations


   Skills:
 + Level 6.2 Fighting
 * Level 7.5 Axes
 + Level 5.7 Armour
 + Level 2.8 Dodging
 - Level 3.0 Invocations


You had 7 spell levels left.
You didn't know any spells.

Dungeon Overview and Level Annotations

Branches:
Dungeon (6/15)             Temple (0/1) D:5

Altars:
Dithmenos
Kikubaaqudgha
Makhleb
Qazlal
Ru
Uskayaw
Yredelemnul
Zin

Shops:
D:5 [[?*


Innate Abilities, Weirdness & Mutations

You reflexively headbutt those who attack you in melee.
You have a pair of horns on your head.


Message History

You hit the orc warrior.
You headbutt the orc warrior, but do no damage.
The orc warrior is heavily wounded.
The orc warrior hits you with a flail!
You hit the orc warrior.
The orc warrior is severely wounded.
The orc warrior completely misses you. You furiously retaliate!
You headbutt the orc warrior, but do no damage.
You hit the orc warrior but do no damage.
Your headbutt misses the orc warrior.
The orc warrior is severely wounded.
You hit the orc warrior but do no damage.
You headbutt the orc warrior, but do no damage.
The orc warrior is severely wounded.
The orc warrior hits you with a flail.
* * * LOW HITPOINT WARNING * * *
You hit the orc warrior but do no damage.
The orc warrior is severely wounded.
The orc warrior hits you with a flail!!
You die...

......................<#
.......................#
####...................#
..##.[...(.............#
.................##...##
.................##...#
.................#.....#
.................+.....#
...............o@#.....#
################[#######
#..oo...........
.....o...........
##.###...........
#...........
#...........
..###......# ##. ......+


You could see an orc warrior.

Vanquished Creatures
  A phantom (D:4)
  3 sky beasts (D:5)
  A centaur (D:6)
  An ogre (D:5)
  A bullfrog zombie (D:5)
  2 orc wizards
  2 bullfrog skeletons
  6 worker ants
  3 gnolls (D:2)
  7 adders
  2 shadow imps (D:5)
  3 oozes
  2 worms
  2 dart slugs (D:3)
  3 leopard geckos
  10 orcs
  A ball python (D:1)
  3 bats (D:2)
  A bat zombie (D:3)
  3 giant cockroaches
  4 goblins
  6 hobgoblins
  3 quokkas
  2 frilled lizards
  A kobold (D:3)
  3 rats
  2 rat zombies (D:3)
78 creatures vanquished.

Notes
Turn   | Place    | Note
-------+----------+-------------------------------------------
     0 | Abyss:1  | Inkary the Minotaur Abyssal Knight began the quest for the Orb.
     0 | Abyss:1  | Reached XP level 1. HP: 19/19 MP: 1/1
     7 | D:1      | Escaped the Abyss
   665 | D:1      | Reached XP level 2. HP: 21/27 MP: 2/2
  1105 | D:2      | Reached XP level 3. HP: 33/33 MP: 3/3
  1505 | D:2      | Reached skill level 3 in Axes
  1549 | D:2      | Reached XP level 4. HP: 18/40 MP: 3/5
  1640 | D:2      | Found a sacrificial altar of Ru.
  2001 | D:2      | Reached ** piety under Lugonu
  2478 | D:3      | Found an ancient bone altar of Kikubaaqudgha.
  2628 | D:3      | Found a stormy altar of Qazlal.
  2681 | D:4      | Noticed a phantom
  2691 | D:4      | Reached XP level 5. HP: 36/47 MP: 6/6
  2746 | D:4      | HP: 2/47 [spatial distortion (1)]
  3101 | D:4      | Killed a phantom
  3101 | D:4      | Reached skill level 4 in Axes
  3105 | D:4      | Found a burning altar of Makhleb.
  3206 | D:4      | Found a burning altar of Makhleb.
  3301 | D:4      | Reached skill level 5 in Fighting
  3301 | D:4      | Reached XP level 6. HP: 50/56 MP: 7/7
  3628 | D:4      | Reached skill level 5 in Axes
  3848 | D:5      | Entered Level 5 of the Dungeon
  3848 | D:5      | Found a staircase to the Ecumenical Temple.
  3848 | D:5      | Found Yvoekina's Magic Scroll Shop.
  3859 | D:5      | Noticed a sky beast
  3895 | D:5      | Killed a sky beast
  4137 | D:5      | Found Lejeiri's Armour Emporium.
  4141 | D:5      | Bought a scroll of identify for 26 gold pieces
  4141 | D:5      | Bought a scroll of teleportation for 39 gold pieces
  4141 | D:5      | Bought a scroll of remove curse for 39 gold pieces
  4163 | D:5      | Found a hide-covered altar of Uskayaw.
  4179 | D:5      | Reached skill level 6 in Axes
  4245 | D:5      | Found Poeseuc's Antique Armour Shoppe.
  4305 | D:5      | Found a basalt altar of Yredelemnul.
  4314 | D:5      | Reached XP level 7. HP: 34/61 MP: 8/8
  4322 | D:5      | Got a flickering glass ring
  4323 | D:5      | Identified the ring of Apsoumau {*Drain rElec EV+3 Str-4 Dex+8} (You found it on level 5 of the Dungeon)
  4505 | D:5      | Found Siarihoj's Assorted Antiques.
  4510 | D:5      | Bought a scroll labeled QIFYAQOSIN for 25 gold pieces
  4510 | D:5      | Bought a scroll labeled TYAMOS BORO for 25 gold pieces
  4531 | D:5      | Reached skill level 5 in Armour
  4579 | D:5      | Found a glowing silver altar of Zin.
  4656 | D:5      | Found a shadowy altar of Dithmenos.
  4690 | D:5      | Reached skill level 7 in Axes
  4821 | D:6      | Reached XP level 8. HP: 52/70 MP: 9/9
  4888 | D:6      | Slain by an orc warrior

Skill      XL: |  1  2  3  4  5  6  7 |
---------------+----------------------+-----
Invocations    | 2 3 |  3.0
Fighting       | 4 5 6 |  6.2
Armour         | 3 4 5 |  5.7
Axes           | 3 4 6 7 |  7.5
Dodging        | 2 |  2.8

Action                   |  1- 3 |  4- 6 |  7- 9 || total
-------------------------+-------+-------+-------++-------
Melee: Hand axe          |    72 |   187 |    88 ||   347
       Headbutt          |     7 |    17 |    18 ||    42
Invok: Bend Space        |       |     1 |       ||     1
  Use: Potion            |     4 |     2 |       ||     6
       Scroll            |       |     9 |     3 ||    12
  Eat: Chunk             |       |     6 |     2 ||     8
       Meat ration       |       |     1 |       ||     1
Armor: Ring mail         |    14 |    47 |    19 ||    80
       Leather armour    |     2 |       |       ||     2
       Skin              |       |    20 |       ||    20
Dodge: Dodged            |    52 |    88 |    47 ||   187
Block: Other             |       |     6 |     8 ||    14
       Reflection        |       |       |     1 ||     1
